[Event "*** Titled Tuesday Blitz"]
[Site "Chess.com"]
[Date "2020.10.27"]
[Round "3"]
[White "penguingm1"]
[Black "TimurGareyev"]
[Result "1-0"]
[WhiteElo "2814"]
[BlackElo "2611"]
[TimeControl "180+1"]
[EndTime "10:29:15 PDT"]
[Termination "penguingm1 won by resignation"]

1. d4 f5 2. Nf3 Nf6 3. g3 g6 4. Bg2 Bg7 5. O-O O-O 6. b3 a5 7.
a4 Nc6 8. Bb2 d6 9. Nbd2 e5 10.
dxe5 Ng4 11. Nc4 Ngxe5 12. Nfxe5 Nxe5 13. Qd5+ Nf7 14. Bxg7 Kxg7 15. Nxa5 c6 16. Qd4+ Qf6 17.
Qxf6+ Kxf6 18. Nc4 Be6 19. Nb6 Ra6 20. a5 Ne5 21. Rfd1 Ke7 22. e3 Nd7 23. Bf1 Ra7 24.
b4 g5 25. Be2 f4 26. exf4 gxf4 27. Nxd7 Kxd7 28. Rd4 fxg3 29. hxg3 b6 30. Rad1 d5 31.
axb6 Ra2 32. Bd3 h5 33. Re1 Bg4 34. Rf4 Rxf4 35. gxf4 Ra8 36. b7 Rb8 37. Ba6 Kc7 38.
Re7+ Kb6 39. Bd3 Rxb7 40. Rxb7+ Kxb7 41. Kg2 Kc7 42. Kg3 Bd1 43. Kh4 Kd6 44. c3 c5 45.
bxc5+ Kxc5 46. Kg5 d4 47. cxd4+ Kxd4 48. Bg6 Kd5 49.
Bxh5 Bc2 50. f5 Kd6 51. f6 Ke6 52. f4 Bd3 53. Be8 Bc2 54. f5+ Kd6 55. Kg6 Bb3 56.
Kg7 Ke5 57. Bg6 Bd5 58. f7 Kf4 59. f8=Q Be6 60. fxe6+ Kg5 61. Qf6+ 1-0

[Event "*** Titled Tuesday Blitz"]
[Site "Chess.com"]
[Date "2020.10.27"]
[Round "3"]
[White "Miss_JJ20"]
[Black "marabu44"]
[Result "1/2-1/2"]
[WhiteElo "2446"]
[BlackElo "2238"]
[TimeControl "180+1"]
[EndTime "10:29:15 PDT"]
[Termination "Game drawn - insufficient material"]

1. e4 e5 2. Nf3 Nc6 3. d4 exd4 4. Nxd4 Bc5 5. Nb3 Bb6 6. Nc3 Nf6 7. Bg5 h6 8. Bh4 g5 9. Bg3 d6 10. h4 g4 11. Qd2 Qe7 12. O-O-O Be6 13. Nd5 Bxd5 14. exd5 Ne5 15. Bb5+ Kf8 16. h5 a6 17. Be2 Ne4 18. Qf4 Qg5 19. Qxg5 hxg5 20. Nd4 Nxg3 21. fxg3 Bxd4 22.
Rxd4 Kg7 23. Bxg4 Rae8 24. Bf5 Rh6 25. g4 Re7 26. Kd2 Rh8 27. b3 b6 28. Re4 a5 29. a3 f6 30. c4 Kh6 31. Kc3 Ra8 32.
Ra1 Ree8 33. Rf1 Rf8 34. Re2 Rae8 35. Ref2 Kg7 36. h6+ Kh8 37. Be6 Rxe6 38. dxe6 Nxg4 39. Re2 Kh7 40. e7 Re8 41. b4 Kxh6 42. c5 Kg6 43. c6 axb4+ 44. axb4 Ne5 45. Kd4 Rxe7 46. Kc3 Re6 47.
Rd1 f5 48. Rd5 Kf6 49. b5 f4 50. Rdd2 Kf5 51. Ra2 g4 52. Ra7 Re7 53. Rea2 f3 54.
gxf3 gxf3 55. Kd4 Kf4 56. Ra8 Rf7 57. Rh8 Ng4 58. Rh4 Kg3 59. Rh8 f2 60. Ra1 f1=Q 61. Rxf1 Rxf1 62. Rh7 Rb1 63. Rxc7 Rxb5 64. Rb7 Rc5 65.
Rxb6 Nf6 66. c7 Rxc7 67. Rxd6 Ng4 68. Rg6 Rf7 69. Kc3 Rf5 70. Kb2 Kf4 71. Rg8 Rg5 72.
Rxg5 Kxg5 1/2-1/2

[Event "*** Titled Tuesday Blitz"]
[Site "Chess.com"]
[Date "2020.10.27"]
[Round "3"]
[White "shriyanasmallya"]
[Black "GMJustin"]
[Result "0-1"]
[WhiteElo "1662"]
[BlackElo "2280"]
[TimeControl "180+1"]
[EndTime "10:29:15 PDT"]
[Termination "GMJustin won by checkmate"]

1. e4 e5 2. Nf3 Nc6 3. d4 exd4 4. Nxd4 Nf6 5. Nc3 d6 6. Bg5 Be7 7. Bb5 Bd7 8. Bxc6 bxc6 9. Nf5 Bxf5 10. exf5 O-O 11.
O-O Nd7 12. Bxe7 Qxe7 13. Qf3 d5 14. Rfe1 Qf6 15. Qg3 Rac8 16. Re2 Qxf5 17. Rae1 Nf6 18. Re5 Qxc2 19. Rg5 Kh8 20. Qh3 Qd2 21. Rge5 Ne4 22.
Rf1 Qxb2 23. Rh5 Nf6 24. Rh4 Rce8 25. Na4 Qxa2 26. Nc5 Re7 27. Nd3 Qd2 28. f4 Re3 29. Rf3 Qd1+ 30. Kf2 Qe2+ 31. Kg1 Rfe8 32. Ne5 Qe1+ 33.
Rf1 Rxh3 34. Rxe1 Rxh4 35. g3 Rh5 36. Nxf7+ Kg8 37. Ne5 Rf5 38. Ra1 g5 39. Rxa7 gxf4 40. Nxc6 fxg3 41. hxg3 Kf8 42. Rxc7 Ng4 43. Rxh7 Kg8 44.
Rh4 Rg5 45. Kg2 Ne3+ 46. Kf3 Rxg3+ 47. Kxg3 Nf5+ 48. Kg4 Nxh4 49. Kxh4 d4 50. Nxd4 Re4+ 51. Kg5 Rxd4 52. Kf5 Kf7 53. Ke5 Rd8 54. Ke4 Kf6 55.
Kf4 Rd4+ 56. Ke3 Ke5 57. Kf3 Kf5 58. Ke3 Rd5 59. Ke2 Kf4 60. Kf2 Rd2+ 61. Kf1 Kf3 62.
Kg1 Rc2 63. Kh1 Kg3 64. Kg1 Rc1# 0-1

[Event "*** Titled Tuesday Blitz"]
[Site "Chess.com"]
[Date "2020.10.27"]
[Round "3"]
[White "albi1999"]
[Black "brunomorado"]
[Result "1-0"]
[WhiteElo "2616"]
[BlackElo "2403"]
[TimeControl "180+1"]
[EndTime "10:29:16 PDT"]
[Termination "albi1999 won by resignation"]

1. d4 d5 2. c4 c6 3. cxd5 cxd5 4. Bf4 Nc6 5. e3 Nf6 6. Nc3 a6 7. Be2 Bf5 8. Nf3 e6 9. Qb3 Na5 10. Qa4+ Nd7 11. Ne5 Nc4 12. Bxc4 dxc4 13. Qxc4 Be7 14.
O-O O-O 15. e4 Bg6 16. Nxg6 hxg6 17. Rfd1 Rc8 18. Qb3 b5 19. Rac1 Nb6 20. d5 exd5 21.
Nxd5 Nxd5 22. Rxc8 Qxc8 23. exd5 Rd8 24. d6 Bf6 25. h3 g5 26. Bg3 Qc5 27. a4 Be5 28.
Bxe5 Qxe5 29. axb5 axb5 30. Qb4 Rd7 31. b3 f6 32. Qd2 Kf7 33. Qd3 Ke6 34. Qb1 Kf7 35. Qc1 b4 36. Qc4+ Kg6 37. Qxb4 Qe2 38. Qd2 Qxd2 39. Rxd2 Kf7 40. Kf1 Ke8 41. Ke2 Rb7 42. Rd3 Kd7 43. Kf3 Rb4 44. Ke3 f5 45. Kd2 f4 46. Kc3 Rb6 47. f3 g6 48. b4 Rc6+ 49.
Kb3 Rc1 50. b5 Rb1+ 51. Kc4 Rb2 52. Kc5 Rxg2 53. Rb3 Rc2+ 54. Kd5 Rd2+ 55. Ke5 Rxd6 56. b6 Re6+ 57. Kd5 Rd6+ 58. Kc5 Rc6+ 59. Kb5 Re6 60.
Ka6 Kc8 61. Ka7 Re1 62. b7+ Kd7 63. b8=Q Ra1+ 64. Kb7 1-0

[Event "*** Titled Tuesday Blitz"]
[Site "Chess.com"]
[Date "2020.10.27"]
[Round "3"]
[White "nubair1198"]
[Black "MattyDPerrine"]
[Result "0-1"]
[WhiteElo "2824"]
[BlackElo "2473"]
[TimeControl "180+1"]
[EndTime "10:29:20 PDT"]
[Termination "MattyDPerrine won by resignation"]

1. Nf3 c5 2. c4 Nf6 3. b3 d5 4. cxd5 Nxd5 5. Bb2 Nc6 6. Nc3 Nc7 7. Rc1 b6 8. g3 e5 9. Bg2 Be7 10. O-O O-O 11. d3 Be6 12. Qd2 f6 13. Rfd1 Qd7 14. Ne4 Rad8 15. Qc2 Nd5 16. a3 Nd4 17. Nxd4 exd4 18. Nd2 f5 19. Ba1 Bg5 20. Rb1 Rc8 21. Nc4 b5 22. Ne5 Qd6 23. Nf3 Bf6 24.
Qd2 f4 25. Qa5 a6 26. Nd2 fxg3 27. hxg3 Bd8 28. Ne4 Qc6 29. Qe1 Qd7 30. b4 cxb4 31. axb4 Bb6 32. Rdc1 Qe7 33. Nc5 Bxc5 34. bxc5 Rxc5 35.
Bxd4 Rxc1 36. Rxc1 Qd7 37. Qa5 Rc8 38. Bb2 Rxc1+ 39. Bxc1 Qc6 40. Qd8+ Kf7 41. Bb2 Qe8 42. Qg5 Nf6 43. Bf3 Qe7 44. Kg2 h6 45. Qe5 Qd7 46.
Qb8 Bh3+ 47. Kg1 Be6 48. Qa8 Bd5 49. Bxd5+ Nxd5 50. e4 Nc7 51. Qb7 Qe7 52. d4 Ne6 53. Qxa6 Ng5 54. e5 Qd7 55. Qb6 Qd5 56. Qc7+ Kg8 57.
Qc8+ Kh7 58. Qf5+ g6 59. Qd3 Nf3+ 60. Kf1 Nxe5 61. Qe3 Nc6 62. Qe7+ Nxe7 63. Ke2 Qc4+ 64. Kd2 Nd5 0-1

[Event "*** Titled Tuesday Blitz"]
[Site "Chess.com"]
[Date "2020.10.27"]
[Round "3"]
[White "fireheart92"]
[Black "gilbert_gm"]
[Result "1/2-1/2"]
[WhiteElo "2870"]
[BlackElo "2588"]
[TimeControl "180+1"]
[EndTime "10:29:24 PDT"]
[Termination "Game drawn by repetition"]

1. d4 d5 2. c4 c6 3. cxd5 cxd5 4.
Bf4 Nc6 5. e3 Nf6 6. Nc3 a6 7.
Be2 h6 8. Nf3 Bg4 9. Qb3 Na5 10.
Qa4+ Bd7 11. Qc2 e6 12. h3 Rc8 13. O-O Bb4 14. Rfc1 O-O 15. Bd3 Bb5 16. Bxb5 axb5 17. Qd3 Bxc3 18. Rxc3 Rxc3 19. Qxc3 Nc6 20. Rc1 Qb6 21.
Nd2 Ra8 22. a3 b4 23. axb4 Qxb4 24. f3 Ra2 25. Qxb4 Nxb4 26. Rc8+ Kh7 27. Rc7 Rxb2 28. Rxb7 Rxd2 29. Rxb4 Nh5 30. Bd6 Re2 31. Rb3 Nf6 32. Kf1 Ra2 33. Rb7 Kg6 34. Be5 Nh5 35. g4 Ra1+ 36. Kf2 Ra2+ 37. Kf1 Ra1+ 38. Ke2 Ra2+ 39. Kd3 Ra3+ 40. Kd2 Ra2+ 41. Kc3 Nf6 42. h4 h5 43. g5 Nh7 44. e4 Ra3+ 45. Kb4 Rxf3 46. exd5 exd5 47. Kc5 f6 48. gxf6 Nxf6 49. Bxf6 gxf6 50.
Kxd5 Rf4 51. Kc5 Rxh4 52. d5 Rh1 53. d6 Rd1 54. Rb4 Kf7 55. Kc6 f5 56. Kc7 Ke6 57.
Rb6 Rc1+ 58. Rc6 Rd1 59. Ra6 Rc1+ 60. Rc6 Rd1 61. Rb6 Rc1+ 62. Rc6 1/2-1/2

[Event "*** Titled Tuesday Blitz"]
[Site "Chess.com"]
[Date "2020.10.27"]
[Round "3"]
[White "LileKoridze"]
[Black "Korchmar_Vasiliy"]
[Result "0-1"]
[WhiteElo "2395"]
[BlackElo "2607"]
[TimeControl "180+1"]
[EndTime "10:29:27 PDT"]
[Termination "Korchmar_Vasiliy won by resignation"]

1. d4 Nf6 2. c4 c6 3. Nc3 d5 4.
cxd5 cxd5 5. Nf3 Nc6 6. e3 Bg4 7. Bb5 e6 8. Qa4 Bxf3 9. Bxc6+ bxc6 10. Qxc6+ Nd7 11. gxf3 Bb4 12. Bd2 O-O 13. Qa4 Rb8 14.
Qc2 e5 15. Nxd5 Bxd2+ 16. Qxd2 Nf6 17. Nxf6+ Qxf6 18. O-O Qxf3 19. Qd1 Qf5 20. Qe2 Rb6 21. f3 Rc6 22. Rac1 Rxc1 23. Rxc1 exd4 24. Rc4 dxe3 25.
Qxe3 Qb1+ 26. Qc1 Qxa2 27. Rc8 Qa6 28. Rxf8+ Kxf8 29. Kg2 g6 30. Qc5+ Kg7 31. Qe5+ Qf6 32. Qc5 Qxb2+ 33. Kg3 Qb8+ 34. Kg2 Qb6 35. Qc3+ Qf6 36.
Qa3 a6 37. Qa4 Qb6 38. Qa1+ Qf6 39. Qa5 h6 40. Qb4 Qe5 41. Qa4 a5 42. f4 Qb2+ 43. Kg3 Qc3+ 44. Kg2 Qb4 45. Qa1+ Kg8 46. Qe5 Qd2+ 47.
Kg3 Qd8 48. Qb5 Qa8 49. Qa4 Qa7 50. Kf3 Kg7 51. Qa1+ Kg8 52. Qa4 Qb7+ 53. Kg3 Qb4 54. Qe8+ Kg7 55. Qe5+ Kh7 56. Qf6 Qb3+ 57. Kg2 a4 58. f5 Qc2+ 59. Kg1 Qxf5 60. Qa1 Qg5+ 61. Kf1 Qf5+ 62. Kg1 Qc5+ 63. Kf1 a3 64. Qa2 Qf5+ 65. Kg1 Qg5+ 66. Kf1 Qc1+ 0-1

[Event "*** Titled Tuesday Blitz"]
[Site "Chess.com"]
[Date "2020.10.27"]
[Round "3"]
[White "Vanina1989"]
[Black "Gordima"]
[Result "0-1"]
[WhiteElo "2635"]
[BlackElo "2815"]
[TimeControl "180+1"]
[EndTime "10:29:28 PDT"]
[Termination "Gordima won on time"]

1. d4 d5 2. c4 e6 3. Nf3 Nf6 4. Nc3 Bb4 5. cxd5 exd5 6. Bf4 c6 7. e3 Bf5 8. Be2 Bd6 9. Qb3 Bxf4 10. exf4 Qb6 11.
Qa3 a5 12. O-O Qb4 13. Qa4 O-O 14. Nh4 Bg4 15. Bxg4 Nxg4 16. Qd1 Nf6 17. Qd3 Nbd7 18. Nf5 g6 19. Ne3 Rae8 20. f5 Ne4 21. Rab1 Ndf6 22. Rfe1 Qd6 23. h3 Qf4 24. f3 Ng3 25. fxg6 hxg6 26.
Ncd1 Nf5 27. Qc3 Qxd4 28. Qxd4 Nxd4 29. Nf2 Re6 30. Rbd1 Rfe8 31. Rxd4 Rxe3 32. Rxe3 Rxe3 33. Kf1 Kf8 34. Ra4 b6 35. Rd4 c5 36. Rd2 a4 37.
Nd3 Ke7 38. Ne1 Kd6 39. Nc2 Re8 40. Na3 Kc6 41. Nb1 d4 42. Na3 Nd5 43. Kf2 b5 44.
Nc2 b4 45. Ne1 b3 46. axb3 axb3 47. Rd3 Rb8 48. Rd2 Kb5 49. Nd3 Nb4 50. Ne5 Rb7 51. Rd1 Re7 52. f4 Nd5 53. g3 Ne3 54. Rd3 Ka4 55. Kf3 Re8 56. Rd2 Rxe5 57. fxe5 Nc4 58. Re2 Nxb2 59. Rxb2 c4 60. Ke2 c3 61. Rb1 b2 62.
Kd3 Kb3 0-1

[Event "*** Titled Tuesday Blitz"]
[Site "Chess.com"]
[Date "2020.10.27"]
[Round "3"]
[White "nrvisakh"]
[Black "Infernal_XaM"]
[Result "1-0"]
[WhiteElo "2679"]
[BlackElo "2849"]
[TimeControl "180+1"]
[EndTime "10:29:32 PDT"]
[Termination "nrvisakh won by resignation"]

1. e4 e5 2. Nf3 Nc6 3. Bb5 Nge7 4. O-O g6 5. c3 Bg7 6. d4 exd4 7. cxd4 a6 8. Bc4 b5 9. Bb3 d6 10. a4 b4 11. h3 O-O 12. Bg5 h6 13. Bxe7 Nxe7 14. Nbd2 c6 15. Rc1 a5 16. Re1 Kh7 17. Nc4 Ba6 18.
e5 d5 19. Nd6 f6 20. Bc2 fxe5 21. dxe5 Rf4 22. Nd4 Qd7 23. g3 Rxd4 24. Qxd4 Qxh3 25.
Bd3 Bxd3 26. Qxd3 Rf8 27. Re2 h5 28. e6 Qg4 29. Nf7 h4 30. Rce1 c5 31. Qe3 c4 32.
Qg5 Qxg5 33. Nxg5+ Kh6 34. Nf7+ Kh5 35. Kg2 g5 36. Rd1 d4 37. g4+ Kg6 38. Re4 Rc8 39. Nd6 Rc6 40. Nb5 c3 41. Nxd4 Bxd4 42. Rexd4 cxb2 43. Rb1 Rxe6 44. Rxb2 Nc6 45. Rd5 Kf6 46. Rb5 Re4 47.
Rb6 Rc4 48. Re2 Kf7 49. Rb7+ Kf6 50. Rb6 Kf7 51. Re3 Nd4 52. Re4 Kf8 53. Rd6 Nf5 54. Rf6+ Kg7 55. Rxc4 Kxf6 56. gxf5 Kxf5 57. Rc5+ Ke4 58.
Rxa5 Kd3 59. Rb5 Kc4 60. Rb8 b3 61. a5 Kc3 62. a6 1-0

[Event "*** Titled Tuesday Blitz"]
[Site "Chess.com"]
[Date "2020.10.27"]
[Round "3"]
[White "zmeeed67"]
[Black "MIJuanReyesRosa"]
[Result "1-0"]
[WhiteElo "2349"]
[BlackElo "2071"]
[TimeControl "180+1"]
[EndTime "10:29:32 PDT"]
[Termination "zmeeed67 won on time"]

1. e4 c5 2. g3 e6 3. Bg2 Nc6 4.
Ne2 d6 5. O-O Nf6 6. Nbc3 Be7 7.
a3 O-O 8. Rb1 Qc7 9. b4 b6 10.
e5 Nd5 11. Nxd5 exd5 12. Bxd5 Bb7 13. exd6 Qxd6 14. Bg2 cxb4 15. axb4 Rad8 16. d3 Qc7 17. Bf4 Qc8 18. c3 Rfe8 19. d4 Bf6 20. Ra1 a6 21.
Re1 Ne7 22. Qd2 Nd5 23. Rac1 h6 24. h4 Nxf4 25. Nxf4 Bxg2 26. Kxg2 Qb7+ 27. Kg1 Be7 28. Re3 Bd6 29. Ng2 Rxe3 30. Qxe3 b5 31. Re1 Qd5 32.
Nf4 Qc4 33. Nh5 Rc8 34. Ra1 Qxc3 35. Qxc3 Rxc3 36. Rxa6 Bxb4 37. Rb6 Rc1+ 38. Kg2 Bc3 39. Rb8+ Kh7 40. Rxb5 Bxd4 41. Rb4 Be5 42. Nf4 Bxf4 43. Rxf4 Rc7 44. h5 Rd7 45. Rf5 Rc7 46. Kh3 Rd7 47. f4 Rc7 48. Kg4 Rd7 49. Re5 Rc7 50. Kf5 Rb7 51. g4 Rc7 52. Rd5 Rb7 53.
Ke5 Rc7 54. Kd6 Ra7 55. Ke5 Rb7 56. Kf5 Ra7 57. g5 hxg5 58. fxg5 g6+ 59. hxg6+ fxg6+ 60.
Kf6 Ra6+ 61. Ke5 Ra7 62. Rd6 Rb7 63. Kf6 Rg7 64. Re6 1-0

[Event "*** Titled Tuesday Blitz"]
[Site "Chess.com"]
[Date "2020.10.27"]
[Round "3"]
[White "Smile2005"]
[Black "TheSodabread"]
[Result "1-0"]
[WhiteElo "2298"]
[BlackElo "1907"]
[TimeControl "180+1"]
[EndTime "10:29:35 PDT"]
[Termination "Smile2005 won on time"]

1. g3 Nf6 2. Nf3 g6 3. Bg2 Bg7 4. O-O O-O 5. d4 d6 6. c4 c5 7. d5 b5 8. cxb5 a6 9. bxa6 Bxa6 10. Nc3 Nbd7 11. Re1 Qa5 12. e4 Rfb8 13. Rb1 c4 14.
Be3 Nc5 15. Bxc5 Qxc5 16. h3 Nd7 17. Qc2 Qa5 18. h4 Nc5 19. Bf1 Nd3 20. Bxd3 cxd3 21. Qd2 Rxb2 22. Qxb2 Bxc3 23. Qb3 Bxe1 24. Nxe1 Qd2 25.
Rd1 Qe2 26. Nxd3 Bc4 27. Qxc4 Qxd1+ 28. Kg2 Qa4 29. Qxa4 Rxa4 30. Kf3 Rxa2 31. Nb4 Rb2 32. Nc6 e5 33. Ne7+ Kf8 34. Nc8 f5 35. Nxd6 Rb3+ 36. Kg2 f4 37. gxf4 exf4 38. f3 Rb4 39. e5 Ke7 40. Ne4 Rd4 41. d6+ Ke6 42. Ng5+ Kxe5 43. Nxh7 Rxd6 44. Kh3 Kf5 45. Ng5 Rd1 46. Kg2 Rd2+ 47.
Kh3 Rd8 48. Kg2 Rh8 49. Kh3 Rh5 50. Nf7 Kf6 51. Nd6 Ke6 52. Ne4 Ke5 53. Kg4 Rf5 54. Ng5 Kf6 55. Ne4+ Kg7 56. Ng5 Kh6 57. Ne6 Rf6 58.
Nxf4 Rf5 59. Nh3 Ra5 60. f4 Ra4 61. Ng5 Ra1 62. Nf3 Rf1 63. Ne5 Rg1+ 64. Kf3 Kh5 65. Nf7 Kxh4 66. Ne5 Rg3+ 67. Ke4 Rg1 68. Nf3+ 1-0

[Event "*** Titled Tuesday Blitz"]
[Site "Chess.com"]
[Date "2020.10.27"]
[Round "3"]
[White "BogdanBelyakov89"]
[Black "Funo09"]
[Result "0-1"]
[WhiteElo "2584"]
[BlackElo "2796"]
[TimeControl "180+1"]
[EndTime "10:29:40 PDT"]
[Termination "Funo09 won by checkmate"]

1. e4 c5 2. c3 Nf6 3. e5 Nd5 4. Nf3 g6 5. d4 cxd4 6. Bc4 Nb6 7. Bb3 Bg7 8. cxd4 O-O 9. h4 d6 10. h5 dxe5 11. hxg6 hxg6 12. Nxe5 Bxe5 13. dxe5 Qxd1+ 14.
Bxd1 Nc6 15. f4 Bf5 16. Nc3 Rfd8 17. g4 Be6 18. b3 Rac8 19. Bd2 Nb4 20. Rg1 Kf8 21.
f5 gxf5 22. gxf5 Bxf5 23. Bh6+ Ke8 24. Rg8+ Kd7 25. Rxd8+ Kxd8 26. Nb5 Nd3+ 27. Kd2 Nxe5 28. Nxa7 Rc5 29. Be3 Nbc4+ 30. bxc4 Nxc4+ 31. Ke2 Re5 32. Kf3 Rxe3+ 33. Kf4 e6 34. Bb3 Re4+ 35. Kg5 Ke7 36. Bxc4 Rxc4 37. Rd1 f6+ 38. Kh6 e5 39. Nb5 Rh4+ 40.
Kg7 Rg4+ 41. Kh6 Be6 42. a3 Rh4+ 43. Kg7 Rg4+ 44. Kh6 Rg3 45. Nc7 Rxa3 46. Rb1 Rh3+ 47. Kg7 Rg3+ 48. Kh6 Bc8 49. Rb6 Rh3+ 50. Kg7 Rg3+ 51.
Kh6 Rd3 52. Kg7 f5 53. Rf6 f4 54. Rf7+ Kd6 55. Ne8+ Kd5 56. Rc7 Bf5 57. Nf6+ Ke6 58. Ng8 Rd7+ 59. Rxd7 Kxd7 60. Kf6 f3 61. Kxe5 f2 62.
Nf6+ Kc6 63. Nd5 f1=Q 64. Ne3 Qd3 65. Nxf5 Qxf5+ 66. Kxf5 Kd5 67. Kf4 Kd4 68. Kf3 Kd3 69.
Kf2 Kd2 70. Kf3 b5 71. Ke4 b4 72. Kd4 b3 73. Kc4 b2 74. Kb3 b1=Q+ 75. Ka3 Kc3 76. Ka4 Qb4# 0-1

[Event "*** Titled Tuesday Blitz"]
[Site "Chess.com"]
[Date "2020.10.27"]
[Round "3"]
[White "xberli"]
[Black "chessmachine14"]
[Result "0-1"]
[WhiteElo "2533"]
[BlackElo "2344"]
[TimeControl "180+1"]
[EndTime "10:29:44 PDT"]
[Termination "chessmachine14 won by resignation"]

1. e4 c5 2. Nf3 e6 3. d4 cxd4 4. Nxd4 Nf6 5. Nc3 d6 6. Bc4 Be7 7. Qe2 O-O 8. Be3 a6 9. O-O-O b5 10. Bd3 b4 11. Nb1 Bb7 12. Nd2 Nbd7 13. g4 Nc5 14.
f3 Rc8 15. Kb1 Nfd7 16. Rhg1 d5 17. g5 Nxd3 18. cxd3 a5 19. f4 Bc5 20. Rg3 e5 21.
Nf5 Bxe3 22. Qxe3 Qc7 23. Ne7+ Kh8 24. Nxc8 Rxc8 25. Qe1 Qc2+ 26. Ka1 exf4 27. Rg1 Ne5 28. Rc1 Qxd3 29. Rxc8+ Bxc8 30. exd5 Qxd5 31. Qe4 Qxe4 32. Nxe4 f3 33. Rc1 Be6 34. Nf2 h5 35. Rc5 Ng4 36.
Nxg4 hxg4 37. Rc2 Kh7 38. Rf2 Kg6 39. Kb1 Kxg5 40. Kc1 Kf4 41. Kd2 g3 42. hxg3+ Kxg3 43. Ke3 f5 44. Rxf3+ Kg4 45. Rf1 g5 46. Kd4 f4 47.
Ke5 Bc4 48. Rg1+ Kh4 49. b3 Be2 50. Rh1+ Kg3 51. Rg1+ Kh4 52. Rh1+ Kg4 53. Rg1+ Kh5 54. Kf5 f3 55. Rxg5+ Kh4 56. Rg4+ Kh3 57. Rf4 Kg3 58. Ke4 f2 59. Ke3 f1=Q 60. Rxf1 Bxf1 61. Kd4 Kf3 62. Kc5 Ke3 63. Kb6 Kd3 64. Kxa5 Kc3 65. Ka4 Bh3 66.
Ka5 Bd7 67. Kb6 Kb2 68. Kc5 Ka3 69. Kc4 Be6+ 70. Kb5 Bxb3 71. axb3 Kxb3 0-1

[Event "*** Titled Tuesday Blitz"]
[Site "Chess.com"]
[Date "2020.10.27"]
[Round "3"]
[White "doons21"]
[Black "MF1966Idrisov"]
[Result "1-0"]
[WhiteElo "2555"]
[BlackElo "2336"]
[TimeControl "180+1"]
[EndTime "10:29:47 PDT"]
[Termination "doons21 won on time"]

1. e4 c6 2. d4 d5 3. f3 g6 4. Nc3 Bg7 5. e5 h5 6. f4 Nh6 7.
Nf3 Bg4 8. h3 Bxf3 9. Qxf3 e6 10.
Be3 Nf5 11. Bf2 h4 12. O-O-O Nd7 13. Bd3 Bf8 14. Ne2 Qa5 15. Kb1 c5 16. Bxf5 gxf5 17.
g4 hxg3 18. Nxg3 O-O-O 19. Ne2 Kb8 20. h4 Rc8 21. h5 cxd4 22. Bxd4 Bc5 23. c3 Bxd4 24.
cxd4 Nb6 25. b3 Qb5 26. Qd3 Qb4 27. Ka1 Rh7 28. Rh3 a5 29. Qd2 Qb5 30. Nc3 Qb4 31. Nb1 Qb5 32. Rc1 Rch8 33. Rc5 Qb4 34.
Rxa5 Qxd2 35. Nxd2 Rxh5 36. Rxh5 Rxh5 37. Nf3 Nd7 38. Ng5 Rh4 39. Nxf7 Rxf4 40. Ra4 Rf2 41. Kb1 f4 42. Kc1 f3 43. Kd1 Rh2 44. Ke1 Re2+ 45. Kf1 Rd2 46. Ng5 Nf8 47. Nxf3 Rb2 48. Ng5 Rc2 49. Ke1 Rg2 50. Nf7 Kc7 51. Ra8 Ng6 52.
Nd6 Nf4 53. Rc8+ Kd7 54. Rb8 Nd3+ 55. Kf1 Rf2+ 56. Kg1 Rxa2 57. Rxb7+ Kd8 58. Nf7+ Kc8 59. Nd6+ Kd8 60. Nf7+ Kc8 61. Re7 Ra3 62. Rxe6 Ra1+ 63. Kh2 Ra2+ 64. Kg3 Ra3 65. Rc6+ Kd7 66. Rc3 Ne1 67.
Ng5 Ra2 68. Nf3 Nxf3 69. Kxf3 Ra1 70. Rc5 Ke6 71. Rc6+ Kf5 72. Rf6+ Kg5 73. Rd6 Ra3 74.
Rxd5 Kf5 75. Rb5 1-0

[Event "*** Titled Tuesday Blitz"]
[Site "Chess.com"]
[Date "2020.10.27"]
[Round "3"]
[White "ENajer77"]
[Black "FontVella8"]
[Result "1-0"]
[WhiteElo "2688"]
[BlackElo "2491"]
[TimeControl "180+1"]
[EndTime "10:29:51 PDT"]
[Termination "ENajer77 won by resignation"]

1. e4 e5 2. Nf3 Nc6 3. Bb5 g6 4. c3 Bg7 5. d4 exd4 6. cxd4 Nge7 7. d5 a6 8. Be2 Nb8 9. d6 cxd6 10. Qxd6 Nbc6 11. O-O O-O 12. Nc3 b5 13. Rd1 Na5 14. Bg5 f6 15. Be3 Nb7 16. Qg3 d6 17. Rac1 Be6 18.
Nd4 Bf7 19. Bg4 b4 20. Ne6 Bxe6 21. Bxe6+ Kh8 22. Nd5 f5 23. Bg5 Re8 24. Qh4 Nxd5 25. Bxd8 Rxe6 26. exd5 Re4 27. Qg3 Rxd8 28. Re1 Nc5 29.
Rxe4 Nxe4 30. Qd3 Bxb2 31. Rc7 Nc5 32. Qh3 Bg7 33. Qe3 Ne4 34. Qa7 Rg8 35. g3 Nc3 36. Kg2 h6 37. Qxa6 Nxd5 38. Rd7 Nf6 39. Rxd6 Rf8 40.
Re6 g5 41. Qc4 Ne4 42. Re7 Nc3 43. Qe6 Kh7 44. Qd7 Rg8 45. Re8 Rxe8 46. Qxe8 Nxa2 47. Qf7 Nc3 48. Qxf5+ Kg8 49. Qc8+ Kf7 50. Qc4+ Kg6 51. Qxb4 Kh5 52. Qc4 Kg6 53. Qd3+ Kf6 54. Qa6+ Kf7 55. Qb7+ Kg6 56. h4 gxh4 57. gxh4 h5 58. Qf3 Bf6 59. Qd3+ Kg7 60. Qf5 Ne2 61. Qe4 Nc3 62. Qf3 Kg6 63.
Qd3+ Kg7 64. Kh3 Kf7 65. Qh7+ Ke6 66. Qxh5 Nd5 67. Qg4+ Ke5 68. Qh5+ Ke6 69. Qf3 Ke5 70. Kg4 Be7 71. Qf5+ Kd6 72. h5 Nf6+ 73. Kf3 Nd5 74.
h6 Bf6 75. h7 Bg7 76. Qg6+ 1-0

[Event "*** Titled Tuesday Blitz"]
[Site "Chess.com"]
[Date "2020.10.27"]
[Round "3"]
[White "davidkalashian"]
[Black "JozefKneht"]
[Result "0-1"]
[WhiteElo "2577"]
[BlackElo "2400"]
[TimeControl "180+1"]
[EndTime "10:29:51 PDT"]
[Termination "JozefKneht won by checkmate"]

1. e4 e5 2. Nf3 Nc6 3. d4 exd4 4. Nxd4 Bc5 5. Nxc6 Qf6 6. Qf3 dxc6 7. Nc3 Be6 8. Be3 Bb4 9. Qxf6 Nxf6 10. f3 Bxc3+ 11. bxc3 b6 12. c4 c5 13. O-O-O Rd8 14. Be2 Ke7 15. Kb2 Rd7 16. Rxd7+ Nxd7 17. Rd1 Ne5 18. Kc3 f6 19. h3 Nf7 20. f4 Rd8 21. Rxd8 Kxd8 22. g4 g5 23. f5 Bd7 24. Bf2 Bc6 25. Kd3 Ne5+ 26. Ke3 Ke7 27. Bg3 Kd6 28. Bf1 Ba4 29.
Kd2 a6 30. Kc3 b5 31. cxb5 axb5 32. a3 Kc6 33. Bxe5 fxe5 34. Bd3 Kd6 35. Be2 h6 36. Kb2 b4 37. c3 Bc6 38. Bd3 c4 39. Bxc4 bxa3+ 40. Kxa3 Bxe4 41. Bf1 Bf3 42. Kb2 e4 43. Kc2 Ke5 44.
Kd2 h5 45. gxh5 Bxh5 46. Ke3 Bf3 47. Bc4 Bg2 48. Bb5 Bxh3 49. f6 Kxf6 50. Kxe4 Be6 51. Ke3 Ke5 52. Bf1 g4 53. Be2 Bf5 54. Bf1 Be4 55.
Be2 g3 56. Bd1 c5 57. Be2 g2 58. Kf2 Kf4 59. Kg1 Ke3 60. Bc4 Kd2 61. Bb5 Kxc3 62.
Ba6 c4 63. Kf2 Kb3 64. Bxc4+ Kxc4 65. Kg1 Kd3 66. Kf2 Kd2 67. Kg1 Ke2 68. Kh2 Kf2 69. Kh3 g1=Q 70. Kh4 Qg6 71. Kh3 Qg3# 0-1

[Event "*** Titled Tuesday Blitz"]
[Site "Chess.com"]
[Date "2020.10.27"]
[Round "3"]
[White "MikaelyanArman"]
[Black "renehp"]
[Result "1-0"]
[WhiteElo "2809"]
[BlackElo "2456"]
[TimeControl "180+1"]
[EndTime "10:29:53 PDT"]
[Termination "MikaelyanArman won by resignation"]

1. d4 d5 2. Nf3 Nf6 3. c4 c6 4.
Nc3 dxc4 5. a4 Bf5 6. e3 e6 7. Bxc4 Bb4 8. O-O Nbd7 9. Qe2 Bg4 10. h3 Bxf3 11. Qxf3 O-O 12. Rd1 Rc8 13. Bd2 e5 14. Qg3 Bxc3 15. Bxc3 Ne4 16. Qf3 Nxc3 17. bxc3 Qe7 18.
Rab1 b6 19. Bd3 Rfe8 20. Bf5 g6 21. Bxd7 Qxd7 22. dxe5 Qc7 23. Rd6 Rxe5 24. Rbd1 Re7 25. h4 h5 26. Qf6 c5 27. R1d5 Rce8 28. Qg5 Re6 29. Rd7 Qc6 30. Rxa7 R6e7 31. Rxe7 Rxe7 32. c4 Re8 33. g3 Qxa4 34. Qf4 Qc6 35. Rd6 Qc8 36.
Rxb6 Rd8 37. Qf3 Qd7 38. Rb7 Qe6 39. Qf4 Rd1+ 40. Kh2 Rd8 41. Qc7 Rd2 42. Rb8+ Kh7 43. Qf4 Qf5 44. Qxf5 gxf5 45. Kg2 Rc2 46. Rf8 Kg7 47.
Rc8 Rxc4 48. Kf3 Rc2 49. Rc6 c4 50. Kg2 c3 51. Kf3 f6 52. Rc7+ Kg6 53. Rc5 Rc1 54. Kf4 Rc2 55. f3 Rd2 56. Rxc3 Rf2 57. Rc5 Rf1 58.
Rd5 Rf2 59. Rb5 Rf1 60. Rxf5 Rxf3+ 61. Kxf3 Kxf5 62. e4+ Ke5 63. Ke3 f5 64. exf5 Kxf5 65. Kf2 Kg4 66. Kg2 Kf5 67. Kf3 Kf6 68. Kf4 Kg6 69. Ke5 Kg7 70. Kf5 Kh6 71. Kf6 Kh7 72.
Kg5 1-0

[Event "*** Titled Tuesday Blitz"]
[Site "Chess.com"]
[Date "2020.10.27"]
[Round "3"]
[White "szefru"]
[Black "Oglob71"]
[Result "1-0"]
[WhiteElo "2251"]
[BlackElo "2455"]
[TimeControl "180+1"]
[EndTime "10:29:57 PDT"]
[Termination "szefru won on time"]

1. e4 c5 2. Nf3 e6 3. b3 b6 4. Bb2 Bb7 5. d3 Nc6 6. g3 Nf6 7. Bg2 Be7 8. O-O O-O 9. Nbd2 d5 10. e5 Nd7 11. c4 Nb4 12. Qe2 Qc7 13. a3 Na6 14. Rae1 Rad8 15. h4 h6 16. Nh2 dxc4 17. dxc4 Bxg2 18. Kxg2 Qb7+ 19. Kg1 Ndb8 20. f4 Nc6 21.
Ndf3 Nd4 22. Nxd4 cxd4 23. Rd1 Nc5 24. b4 d3 25. Qf3 Qxf3 26. Nxf3 Na4 27. Bc1 a5 28.
Ne1 axb4 29. axb4 Bxb4 30. Nxd3 Bc5+ 31. Nxc5 Nxc5 32. Be3 Rc8 33. Rb1 Ne4 34. Kg2 Rxc4 35. Rxb6 Rfc8 36. Kf3 Nc3 37. Rc1 h5 38. Rb3 Nd5 39.
Rxc4 Rxc4 40. Ra3 Kh7 41. Rb3 Kg6 42. g4 hxg4+ 43. Kxg4 Rc3 44. Rxc3 Nxc3 45. Bd2 Nd5 46. h5+ Kh7 47. Kg5 Ne7 48. Bb4 Nf5 49. Bd2 Nd4 50. Be3 Nf5 51. Bc1 Kg8 52. Ba3 Kh7 53. Bc5 Ng3 54. Bg1 Ne4+ 55. Kg4 Kh6 56. Be3 Kh7 57. Bg1 Nc3 58. Be3 Nd5 59. Bc1 Ne7 60. Ba3 Nf5 61. Bb4 Kh6 62. Bd2 g6 63. hxg6 Kxg6 64. Be1 Ne3+ 65.
Kf3 Nd5 66. Bf2 Kf5 67. Bg3 Nc3 68. Bh2 Ne4 69. Bg1 Nd2+ 70. Kg3 1-0